[Event "Titled Tuesday Blitz June 27 Early 2023"]
[White "Girya, Olga"]
[Black "Bharath Subramaniyam H"]
[WhiteFideId "4195752"]
[BlackFideId "46634827"]
[WhiteElo "2596"]
[BlackElo "2843"]
[Result "1-0"]
[Round "2"]
[TimeControl "180+2"]
[Date "2023.06.27"]
[WhiteClock "0:00:10"]
[BlackClock "0:00:05"]
[Board "53"]

1. d4 Nf6 2. Nf3 e6 3. c4 Bb4+ 4. Bd2 Bxd2+ 5. Qxd2 d5 6. e3 O-O 7. Nc3 Qe7 8. Rc1 dxc4 9. Bxc4 c5 10. dxc5 Qxc5 11. Bd3 Nc6 12. O-O Qe7 13. Ne4 Rd8 14. Qc3 Nd5 15. Qb3 Bd7 16. Nc5 Be8 17. Qxb7 Qf6 18. Ne4 Qh6 19. Bb1 Rab8 20. Qa6 Rxb2 21. Rxc6 Nb4 22. Qa3 Rxb1 23. Rxb1 Nxc6 24. Nd6 Bd7 25. h3 Qf6 26. Rb7 h5 27. Qc5 Ne7 28. Ne4 Qa1+ 29. Kh2 Nd5 30. Qd6 Nb6 31. Nc5 Qxa2 32. Nxd7 Nxd7 33. Rxd7 Rxd7 34. Qxd7 Qxf2 35. Qe8+ Kh7 36. Qxf7 Qxe3 37. Qxe6 Qf4+ 38. Kh1 Qc1+ 39. Ng1 g6 40. Qf7+ Kh6 41. Qxa7 Qf1 42. Qe3+ Kh7 43. Qf3 Qe1 44. Kh2 Qe5+ 45. Qg3 Qf6 46. Qc7+ Kh6 47. Nf3 h4 48. Qc1+ g5 49. Qe3 Kh5 50. Qe5 Qd8 51. Qf5 Qc7+ 52. Ne5 Qg7 53. Qg4+ Kh6 54. Qe6+ Kh5 55. Qe8+ Kh6 56. Nf7+ Kh7 57. Qe4+ Kg8 58. Ne5 Qc7 59. Qf5 Qe7 60. Qg6+ Kf8 61. Qf5+ Kg7 62. Ng4 Qd6+ 63. Qe5+ Qxe5+ 64. Nxe5 Kf6 65. Nf3 Kf5 66. Kg1 Kf4 67. Kf2 Kf5 68. Nh2 Kf4 69. Ng4 Ke4 70. Ke2 Kf4 71. Kf2 Ke4 72. Nh6 Kf4 73. Nf7 g4 74. hxg4 Kxg4 75. Ne5+ Kf5 76. Nf3 Kg4 77. Nh2+ Kf4 78. Nf1 Kg4 79. Kg1 Kf4 80. Kh2 Kg4 81. Ne3+ Kf4 82. Kh3 Kg5 83. Nf1 Kh5 84. Nh2 Kg5 85. Nf3+ 1-0


[Site "https://www.chess.com"]

[Event "Titled Tuesday Blitz June 27 Early 2023"]
[White "Grigoriants, Sergey"]
[Black "Pinheiro, Iung Alicio de O."]
[WhiteFideId "4130804"]
[BlackFideId "2104350"]
[WhiteElo "2840"]
[BlackElo "2595"]
[Result "1-0"]
[Round "2"]
[TimeControl "180+2"]
[Date "2023.06.27"]
[WhiteClock "0:00:10"]
[BlackClock "0:00:00"]
[Board "54"]

1. d4 Nf6 2. c4 Nc6 3. Nf3 e6 4. g3 Bb4+ 5. Bd2 Qe7 6. Bg2 Bxd2+ 7. Nbxd2 d6 8. O-O a5 9. e4 e5 10. d5 Nb8 11. Ne1 O-O 12. Nd3 Na6 13. a3 Bg4 14. f3 Bd7 15. b4 c6 16. Qb3 cxd5 17. cxd5 axb4 18. axb4 Bb5 19. Nc4 Bxc4 20. Qxc4 Rfc8 21. Qb5 Qe8 22. Qb6 Qd7 23. Rfc1 h5 24. Nf2 Rxc1+ 25. Rxc1 Ne8 26. Bh3 Qd8 27. Qxb7 Qb8 28. Bc8 Ra7 29. Qxb8 Nxb8 30. Bf5 Nc7 31. b5 g6 32. b6 1-0


[Site "https://www.chess.com"]

[Event "Titled Tuesday Blitz June 27 Early 2023"]
[White "Ilkhomi, Jaloliddin"]
[Black "Erdogmus, Yagiz Kaan"]
[WhiteFideId "14700948"]
[BlackFideId "44599790"]
[WhiteElo "2592"]
[BlackElo "2839"]
[Result "0-1"]
[Round "2"]
[TimeControl "180+2"]
[Date "2023.06.27"]
[WhiteClock "0:00:14"]
[BlackClock "0:00:15"]
[Board "55"]

1. Nf3 d5 2. c4 e6 3. g3 Nf6 4. Bg2 Be7 5. O-O O-O 6. d4 c6 7. Qc2 a5 8. Nbd2 b5 9. c5 Na6 10. a3 Nd7 11. e4 Nc7 12. Re1 h6 13. Nf1 dxe4 14. Qxe4 Nf6 15. Qd3 Bxc5 16. Be3 Bd6 17. Qc2 Bb7 18. Ne5 Ncd5 19. Rac1 c5 20. Nd3 c4 21. Nc5 Bxc5 22. dxc5 Nxe3 23. Nxe3 Bxg2 24. Nxg2 Rc8 25. b4 Nd5 26. Qb2 axb4 27. axb4 Ra8 28. Ne3 Ne7 29. Qe5 Nc6 30. Qc3 Qd4 31. Qxd4 Nxd4 32. Red1 Ne2+ 33. Kg2 Nxc1 34. Rxc1 Ra4 35. Rb1 Rd8 36. Nd1 Ra3 37. Rc1 Rb3 38. c6 Rxb4 39. Nc3 Rc8 40. Rd1 Rxc6 41. Rd8+ Kh7 42. Ne4 c3 43. Nxc3 Rxc3 44. Rb8 Rb2 45. Rb7 Kg6 46. h4 Rcc2 47. g4 Rxf2+ 48. Kg3 h5 49. gxh5+ Kxh5 50. Rb8 Rg2+ 51. Kh3 Rh2+ 52. Kg3 Rbg2+ 53. Kf3 Kxh4 54. Kf4 Rg4+ 55. Kf3 Rh3+ 56. Kf2 Rf4+ 57. Kg2 Rg3+ 58. Kh1 Rf1+ 59. Kh2 Rf2+ 60. Kh1 Rh3+ 61. Kg1 Rb2 62. Rc8 Ra3 63. Rc1 Rba2 64. Rf1 Ra1 0-1


[Site "https://www.chess.com"]

[Event "Titled Tuesday Blitz June 27 Early 2023"]
[White "Mardov, Dimitar"]
[Black "Domingo Nunez, Ruben"]
[WhiteFideId "30919495"]
[BlackFideId "22245570"]
[WhiteElo "2834"]
[BlackElo "2589"]
[Result "1-0"]
[Round "2"]
[TimeControl "180+2"]
[Date "2023.06.27"]
[WhiteClock "0:00:14"]
[BlackClock "0:00:24"]
[Board "56"]

1. d4 g6 2. c4 Bg7 3. Nc3 d6 4. g3 Nd7 5. Bg2 Ngf6 6. Nf3 O-O 7. O-O c5 8. b3 Rb8 9. Bb2 a6 10. dxc5 Nxc5 11. Rc1 b5 12. Nd4 Bd7 13. cxb5 axb5 14. b4 Ne6 15. Nc6 Bxc6 16. Bxc6 Ng4 17. a3 Qb6 18. Nd5 Qd8 19. Bxg7 Kxg7 20. Nc3 Qb6 21. Bxb5 Rfc8 22. Bd7 Rc7 23. Nd5 Rxc1 24. Qxc1 Qa7 25. Bxe6 fxe6 26. Nf4 e5 27. Ne6+ Kf7 28. Qc4 Nh6 29. Nd8+ Kg7 30. Nc6 Rc8 31. Nxa7 Rxc4 32. b5 Rc7 33. b6 Rb7 34. Rb1 Ng8 35. a4 Nf6 36. a5 Nd7 37. Nc8 Rb8 38. Nxe7 Kf6 39. Nc6 Rc8 40. Rc1 Nb8 41. b7 Rc7 42. Nxb8 Rxb7 43. Nc6 Rc7 44. a6 d5 45. a7 Rc8 46. Ra1 Ra8 47. Rb1 Rxa7 48. Nxa7 1-0


[Site "https://www.chess.com"]

[Event "Titled Tuesday Blitz June 27 Early 2023"]
[White "Skliarov, Viktor"]
[Black "Fridman, Daniel"]
[WhiteFideId "14106736"]
[BlackFideId "11600454"]
[WhiteElo "2587"]
[BlackElo "2832"]
[Result "0-1"]
[Round "2"]
[TimeControl "180+2"]
[Date "2023.06.27"]
[WhiteClock "0:00:11"]
[BlackClock "0:00:42"]
[Board "57"]

1. e4 c6 2. d4 d5 3. e5 c5 4. dxc5 Nc6 5. f4 e6 6. Be3 d4 7. Bf2 Bxc5 8. Nd2 Nge7 9. Ne4 O-O 10. Nxc5 Qa5+ 11. c3 Qxc5 12. cxd4 Qb6 13. Qd2 Rd8 14. d5 Qb4 15. d6 Qxd2+ 16. Kxd2 Ng6 17. Bb5 Bd7 18. Bxc6 Bxc6 19. Ne2 Bxg2 20. Rhg1 Bf3 21. Nd4 Bd5 22. Ke3 f6 23. Bg3 Kf7 24. Rac1 Rac8 25. b3 h5 26. h4 Nf8 27. Kd2 Nd7 28. Rxc8 Rxc8 29. Rc1 Rxc1 30. Kxc1 Nc5 31. Kc2 a6 32. Be1 Nd7 33. Bg3 Kg6 34. Kc3 Kh6 35. Kb4 fxe5 36. fxe5 g5 37. hxg5+ Kxg5 38. Ka5 Kg4 39. Bh2 h4 40. a4 Kh3 41. Bf4 Kg2 42. b4 h3 43. Nc2 h2 44. Ne3+ Kf3 45. Bxh2 Kxe3 46. b5 axb5 47. axb5 Kd4 48. Kb4 b6 49. Bg3 Ke4 50. Bh2 Bb7 51. Kc4 Bc8 52. Kb4 Nxe5 0-1


[Site "https://www.chess.com"]

[Event "Titled Tuesday Blitz June 27 Early 2023"]
[White "Moiseenko, Alexander"]
[Black "Ballecer, Dino"]
[WhiteFideId "14102560"]
[BlackFideId "5203597"]
[WhiteElo "2832"]
[BlackElo "2586"]
[Result "1-0"]
[Round "2"]
[TimeControl "180+2"]
[Date "2023.06.27"]
[WhiteClock "0:00:58"]
[BlackClock "0:00:51"]
[Board "58"]

1. d4 Nf6 2. Bg5 e6 3. e4 h6 4. Bxf6 Qxf6 5. c3 d6 6. Bd3 g6 7. Ne2 Bg7 8. O-O e5 9. f4 exd4 10. cxd4 O-O 11. Nbc3 Nc6 12. e5 Qd8 13. h3 dxe5 14. dxe5 Be6 15. Be4 Qe7 16. Qa4 Qc5+ 17. Kh2 Rfd8 18. Rad1 g5 19. Bxc6 bxc6 20. Rde1 Rd2 21. Ne4 Qc4 22. Qxc4 Bxc4 23. Nxd2 1-0


[Site "https://www.chess.com"]

[Event "Titled Tuesday Blitz June 27 Early 2023"]
[White "Nozdrachev, Leonid"]
[Black "Beerdsen, Thomas"]
[WhiteFideId "24113433"]
[BlackFideId "1030108"]
[WhiteElo "2585"]
[BlackElo "2827"]
[Result "0-1"]
[Round "2"]
[TimeControl "180+2"]
[Date "2023.06.27"]
[WhiteClock "0:00:18"]
[BlackClock "0:02:09"]
[Board "59"]

1. e4 e5 2. Nf3 Nc6 3. Bc4 Nf6 4. d3 h6 5. O-O d6 6. a3 g5 7. Kh1 g4 8. Ng1 Qe7 9. Nc3 Be6 10. f4 Bxc4 11. dxc4 exf4 12. Bxf4 Rg8 13. Nge2 O-O-O 14. Ng3 Qe6 15. Nd5 Be7 16. Nf5 Nxe4 17. Ndxe7+ Nxe7 18. Nxe7+ Qxe7 19. Qd5 Kb8 20. Rae1 Rde8 21. Bxh6 Nf2+ 22. Kg1 Nh3+ 23. gxh3 gxh3+ 24. Kf2 Qf6+ 25. Qf3 Rg2# 0-1


[Site "https://www.chess.com"]

[Event "Titled Tuesday Blitz June 27 Early 2023"]
[White "Kumsiashvili, Nikoloz"]
[Black "Harsh Suresh"]
[WhiteFideId "13600621"]
[BlackFideId "45018464"]
[WhiteElo "2582"]
[BlackElo "2826"]
[Result "1-0"]
[Round "2"]
[TimeControl "180+2"]
[Date "2023.06.27"]
[WhiteClock "0:00:12"]
[BlackClock "0:00:08"]
[Board "60"]

1. c4 d6 2. Nf3 e5 3. d3 g6 4. Nc3 Bg7 5. e3 Ne7 6. Be2 O-O 7. O-O Nbc6 8. Rb1 a6 9. b4 Be6 10. a4 h6 11. b5 axb5 12. axb5 Na5 13. b6 cxb6 14. e4 Nac6 15. Nd5 Bxd5 16. cxd5 Nb8 17. Be3 Nd7 18. Nd2 Qc7 19. Nc4 Ra6 20. Qb3 Rb8 21. Rfc1 Nc5 22. Qb5 Nc8 23. f4 exf4 24. Bxf4 Ra2 25. Bf1 Bd4+ 26. Kh1 Rba8 27. Bxh6 Qe7 28. Bf4 Qf6 29. Bg3 Rf2 30. Qe8+ Kg7 31. Nxd6 Nxd6 32. Qxa8 Ndxe4 33. dxe4 Nxe4 34. Qb8 Rd2 35. h3 Qf5 36. Qf4 Rf2 37. Qxf5 Nxg3+ 38. Kh2 Nxf5 39. Bd3 Be5+ 40. Kg1 Bd4 41. Bxf5 Rxf5+ 42. Kh2 Rxd5 43. Rd1 Be5+ 44. Kh1 Rxd1+ 45. Rxd1 b5 46. Rb1 b6 47. Rxb5 Bd4 48. g4 Be3 49. Kg2 Bc5 50. Kf3 g5 51. Ke4 Kg6 52. Rb3 Kf6 53. Rf3+ Kg6 54. Rf5 f6 55. Rd5 Kf7 56. Rd7+ Kg6 57. Rb7 Bf2 58. Kd5 Bc5 59. Ke6 Bd4 60. Rb8 Kg7 61. Kf5 Bc5 62. Rb7+ Kf8 63. Kxf6 Be3 64. Kf5 Ke8 65. Ke6 Kd8 66. Rd7+ Kc8 67. Rh7 b5 68. h4 gxh4 69. Rxh4 b4 70. Rh3 Bd2 71. Rb3 Bc3 72. g5 Kd8 73. g6 Kc7 74. Rxb4 Bxb4 75. g7 Ba5 76. g8=Q Bb6 77. Qf7+ Kc6 78. Qd7+ Kc5 79. Qd5+ Kb4 80. Qc6 Ka5 81. Kd5 Ba7 82. Qb7 Bb6 83. Kc6 Be3 84. Qb5# 1-0


[Site "https://www.chess.com"]

[Event "Titled Tuesday Blitz June 27 Early 2023"]
[White "Kravtsiv, Martyn"]
[Black "Mendez Fortes, Eduardo Jesus"]
[WhiteFideId "14113147"]
[BlackFideId "3502376"]
[WhiteElo "2823"]
[BlackElo "2581"]
[Result "1-0"]
[Round "2"]
[TimeControl "180+2"]
[Date "2023.06.27"]
[WhiteClock "0:00:49"]
[BlackClock "0:00:07"]
[Board "61"]

1. e4 c5 2. Nf3 d6 3. Bb5+ Nd7 4. d4 cxd4 5. Qxd4 a6 6. Bxd7+ Bxd7 7. O-O e5 8. Qd3 Be6 9. c4 Rc8 10. b3 Ne7 11. Nc3 Nc6 12. Rd1 Be7 13. Ba3 Qa5 14. Bb2 O-O 15. a4 Nb4 16. Qe2 f5 17. h3 Nc6 18. Nd5 Bd8 19. Ba3 fxe4 20. Qxe4 Bxd5 21. Rxd5 Qc3 22. Rb1 Rf4 23. Qe2 e4 24. Bxd6 Bc7 25. Bxf4 Bxf4 26. Qxe4 Rf8 27. Rd3 Qc2 28. Re1 h6 29. Rd7 Qc3 30. Qd3 Qb4 31. Kf1 Bb8 32. g3 Ba7 33. Re2 Kh8 34. Kg2 Qb6 35. Qg6 Rg8 36. Ng5 1-0


[Site "https://www.chess.com"]

[Event "Titled Tuesday Blitz June 27 Early 2023"]
[White "Mortazavi, Ali"]
[Black "Talibov, Shiroghlan"]
[WhiteFideId "401323"]
[BlackFideId "13429078"]
[WhiteElo "2578"]
[BlackElo "2822"]
[Result "1/2-1/2"]
[Round "2"]
[TimeControl "180+2"]
[Date "2023.06.27"]
[WhiteClock "0:00:09"]
[BlackClock "0:00:07"]
[Board "62"]

1. Nf3 d5 2. g3 Bg4 3. Bg2 Bxf3 4. Bxf3 e5 5. d3 Nf6 6. O-O h6 7. c4 c6 8. Qb3 Qd7 9. cxd5 Nxd5 10. Nc3 Nf6 11. Rd1 Na6 12. Be3 Bc5 13. Bxc5 Nxc5 14. Qa3 Ne6 15. e3 Qe7 16. Qxe7+ Kxe7 17. b4 a6 18. Kf1 Rhd8 19. Ke2 Nc7 20. a4 Ncd5 21. Nxd5+ cxd5 22. Rdc1 Rac8 23. a5 Kd6 24. Kd2 g6 25. Bg2 Nd7 26. f4 f5 27. Rxc8 Rxc8 28. Rc1 Rxc1 29. Kxc1 Nb8 30. fxe5+ Kxe5 31. d4+ Ke6 32. Kc2 Nc6 33. Kc3 Kd6 34. Bf1 Na7 35. Bd3 h5 36. h4 Kc6 37. Kb3 Nc8 38. Kc3 Nd6 39. Kb3 Ne8 40. Ka4 Nd6 41. Kb3 Nb5 42. Be2 Nc7 43. Bd3 b5 44. axb6 Kxb6 45. Be2 Nb5 46. Bf3 Nc7 47. Be2 Kc6 48. Ka4 Kb6 49. Bd3 Ne8 50. Kb3 Nd6 51. Kc3 Ne8 52. Kb3 Nf6 53. Kc3 Ng4 54. Kd2 Nf2 55. Bb1 Kb5 56. Kc3 Ka4 57. Bc2+ Ka3 58. Bb3 Ne4+ 59. Kc2 Nf6 60. Kc3 Ne4+ 61. Kc2 Kxb4 62. Bxd5 Nxg3 63. Bf7 Nf1 64. Kd3 Nh2 65. Bxg6 Nf3 66. Bxh5 Nxh4 67. e4 fxe4+ 68. Kxe4 a5 69. Be8 a4 70. Bxa4 Kxa4 71. d5 Kb5 72. d6 Kc6 73. d7 Kxd7 1/2-1/2


[Site "https://www.chess.com"]

[Event "Titled Tuesday Blitz June 27 Early 2023"]
[White "Gharibyan, Mamikon"]
[Black "Vlassov, Nikolai"]
[WhiteFideId "13308300"]
[BlackFideId "4103360"]
[WhiteElo "2818"]
[BlackElo "2576"]
[Result "0-1"]
[Round "2"]
[TimeControl "180+2"]
[Date "2023.06.27"]
[WhiteClock "0:00:05"]
[BlackClock "0:00:10"]
[Board "63"]

1. e4 Nc6 2. Nf3 d5 3. exd5 Qxd5 4. Nc3 Qa5 5. Bb5 Bd7 6. Rb1 Nf6 7. b4 Nxb4 8. Bxd7+ Nxd7 9. a3 Nd5 10. Rxb7 Nxc3 11. dxc3 Qxc3+ 12. Bd2 Qc6 13. Rb3 e6 14. O-O Bd6 15. Bc3 O-O 16. Qd4 e5 17. Qg4 f5 18. Qh3 Rab8 19. Bb4 Nf6 20. Qxf5 e4 21. Nd4 Qc4 22. Qe6+ Qxe6 23. Nxe6 Rfe8 24. Nd4 c5 25. Nf5 Bf8 26. Bc3 Nd5 27. Bd2 Rxb3 28. cxb3 Rb8 29. Rb1 c4 30. b4 a5 31. Kf1 c3 32. Be1 axb4 33. axb4 Rxb4 34. Rc1 Rc4 35. Ke2 c2 36. Ne3 Nxe3 37. fxe3 Ba3 38. Kd2 Bxc1+ 39. Kxc1 Kf7 40. Bg3 Ke6 41. Be5 Kxe5 0-1


[Site "https://www.chess.com"]

[Event "Titled Tuesday Blitz June 27 Early 2023"]
[White "Gontcharov, Vladislav"]
[Black "Horvath, Dominik"]
[WhiteFideId "4123492"]
[BlackFideId "1642561"]
[WhiteElo "2575"]
[BlackElo "2816"]
[Result "0-1"]
[Round "2"]
[TimeControl "180+2"]
[Date "2023.06.27"]
[WhiteClock "0:00:00"]
[BlackClock "0:00:36"]
[Board "64"]

1. d4 f5 2. g3 e6 3. Bg2 g6 4. e4 fxe4 5. Bxe4 Nf6 6. Bg2 Bg7 7. Nc3 O-O 8. Nf3 Nc6 9. O-O Rb8 10. h3 b6 11. Bg5 h6 12. Be3 Ne7 13. Ne5 Bb7 14. Bxb7 Rxb7 15. Qd3 Kh7 16. Rad1 d6 17. Ng4 Qd7 18. Nxf6+ Bxf6 19. Ne2 Bg7 20. Nf4 Rbb8 21. Qe4 Rf6 22. h4 Qc6 23. Qxc6 Nxc6 24. d5 exd5 25. Nxd5 Rf7 26. c3 b5 27. Kg2 b4 28. cxb4 Nxb4 29. Nxb4 Rxb4 30. b3 a5 31. Rd3 a4 32. Bd2 Re4 33. bxa4 Rxa4 34. a3 Bd4 35. f3 c5 36. Rb1 Rd7 37. Be3 Bxe3 38. Rxe3 d5 39. Rb6 d4 40. Ree6 d3 41. Rxg6 d2 42. Rxh6+ Kg7 43. Rbg6+ Kf7 44. Rf6+ Ke7 45. Re6+ Kd8 46. Rd6 Rd4 0-1


[Site "https://www.chess.com"]

[Event "Titled Tuesday Blitz June 27 Early 2023"]
[White "Elsa167"]
[Black "Guerra Tulcan, Lenin"]
[BlackFideId "3601382"]
[WhiteElo "2815"]
[BlackElo "2574"]
[Result "1-0"]
[Round "2"]
[TimeControl "180+2"]
[Date "2023.06.27"]
[WhiteClock "0:00:54"]
[BlackClock "0:00:29"]
[Board "65"]

1. d4 Nf6 2. c4 c5 3. d5 b5 4. cxb5 a6 5. bxa6 Bxa6 6. Nc3 d6 7. e4 Bxf1 8. Kxf1 g6 9. Nf3 Bg7 10. g3 O-O 11. Kg2 Nbd7 12. Re1 Ra6 13. e5 dxe5 14. Nxe5 Nxe5 15. Rxe5 Rd6 16. Qf3 Nd7 17. Re2 Ne5 18. Qe4 f5 19. Qa4 Rxd5 20. Bf4 Rd4 21. Qb3+ c4 22. Qb7 Rd7 23. Qb5 Nd3 24. Qxc4+ Kh8 25. Bg5 Qa8+ 26. Kg1 Ne5 27. Rxe5 Bxe5 28. Qe6 Bxc3 29. Qxd7 Bxb2 30. Re1 Qxa2 31. Rxe7 Qa1+ 32. Kg2 Bg7 33. Be3 Qf6 34. Rxg7 Qxg7 35. Bd4 Qxd4 36. Qxd4+ Kg8 37. Qd7 Rf7 38. Qe8+ Rf8 39. Qe6+ Kg7 40. h4 Rf7 41. Kf3 h6 42. Kf4 Rf8 43. Qe2 Rf7 44. h5 g5+ 45. Kf3 Kf6 46. Qa6+ Ke5 47. Qxh6 g4+ 48. Kg2 f4 49. gxf4+ Rxf4 50. Qxf4+ Kxf4 51. h6 1-0


[Site "https://www.chess.com"]

[Event "Titled Tuesday Blitz June 27 Early 2023"]
[White "Aloma Vidal, Robert"]
[Black "Bazeev, German"]
[WhiteFideId "2260409"]
[BlackFideId "24119350"]
[WhiteElo "2573"]
[BlackElo "2815"]
[Result "0-1"]
[Round "2"]
[TimeControl "180+2"]
[Date "2023.06.27"]
[WhiteClock "0:00:00"]
[BlackClock "0:00:09"]
[Board "66"]

1. e4 c5 2. c3 Nf6 3. e5 Nd5 4. Nf3 Nc6 5. Bc4 e6 6. d4 cxd4 7. cxd4 d6 8. O-O Be7 9. a3 O-O 10. Bd3 Bd7 11. Qc2 g6 12. Bh6 Re8 13. Nbd2 Rc8 14. Qd1 dxe5 15. dxe5 Qc7 16. Qe2 Red8 17. Rac1 Be8 18. h4 Qb6 19. Nc4 Qb3 20. Bc2 Qb5 21. Bb1 Nb6 22. Bd3 Qb3 23. Nd6 Rb8 24. Rc3 Qa4 25. b4 Nd5 26. Rcc1 Qxa3 27. b5 Ncb4 28. Be4 Qa2 29. Qe1 a5 30. Ra1 Qb2 31. Rxa5 Nc3 32. Nxb7 Rd1 33. Qxd1 Nxd1 34. Rxd1 Qb3 35. Re1 Nd5 36. Nd6 Rd8 37. Bd2 Qb2 38. Rb1 Qxb1+ 39. Bxb1 Bxd6 40. exd6 Rxd6 41. Bh6 f6 42. Ra8 Kf7 43. b6 Bc6 44. Be4 Bxa8 45. Nd4 Rxb6 46. f3 Bb7 47. Kh2 e5 48. Ne2 f5 49. Bd3 Nf6 50. Bc4+ Bd5 51. Bd3 Rb3 52. Ba6 e4 53. fxe4 Ng4+ 54. Kh1 Bxe4 55. Nf4 Rb1+ 0-1


[Site "https://www.chess.com"]

[Event "Titled Tuesday Blitz June 27 Early 2023"]
[White "Kushko, Dmitriy"]
[Black "Sargsyan, Anna M."]
[WhiteFideId "14162261"]
[BlackFideId "13308130"]
[WhiteElo "2813"]
[BlackElo "2573"]
[Result "1-0"]
[Round "2"]
[TimeControl "180+2"]
[Date "2023.06.27"]
[WhiteClock "0:00:19"]
[BlackClock "0:00:00"]
[Board "67"]

1. Nf3 d5 2. g3 Nf6 3. Bg2 c5 4. O-O Nc6 5. d3 g6 6. Nc3 Bg7 7. e4 d4 8. Ne2 e5 9. Nd2 O-O 10. h3 Rb8 11. f4 b5 12. Nf3 Nd7 13. fxe5 Ndxe5 14. Nf4 Nxf3+ 15. Qxf3 Ne5 16. Qf2 c4 17. Rd1 cxd3 18. cxd3 b4 19. g4 a5 20. g5 Ba6 21. Qg3 Rc8 22. Nd5 Rc2 23. Bf4 Re8 24. b3 Qd7 25. a3 bxa3 26. Rxa3 Qb5 27. Bf1 Bb7 28. Nf6+ Bxf6 29. gxf6 Nd7 30. Qh4 h5 31. Rd2 Rxd2 32. Bxd2 Ne5 33. Be2 Qc6 34. Qg5 Nd7 35. Rxa5 Qc2 36. Ra7 Qb1+ 37. Kf2 Qxb3 38. Bxh5 1-0


[Site "https://www.chess.com"]

[Event "Titled Tuesday Blitz June 27 Early 2023"]
[White "WindWhistler11"]
[Black "Sethuraman, S.P."]
[BlackFideId "5021596"]
[WhiteElo "2572"]
[BlackElo "2809"]
[Result "0-1"]
[Round "2"]
[TimeControl "180+2"]
[Date "2023.06.27"]
[WhiteClock "0:00:00"]
[BlackClock "0:00:43"]
[Board "68"]

1. Nf3 d5 2. c4 d4 3. e3 c5 4. exd4 cxd4 5. Bd3 Nc6 6. O-O Nf6 7. Re1 g6 8. a3 a5 9. Bf1 Bg7 10. d3 O-O 11. Bg5 Nd7 12. Nbd2 h6 13. Bh4 f5 14. h3 g5 15. Bg3 e5 16. b4 axb4 17. axb4 Rxa1 18. Qxa1 f4 19. Bh2 Nxb4 20. Qb2 Nc6 21. Qb5 Qa5 22. Ne4 Qxb5 23. cxb5 Nb4 24. Rc1 Nb6 25. Nd6 N4d5 26. Rc5 Rd8 27. Nc4 Bf8 28. Rxc8 Rxc8 29. Nfxe5 Bg7 30. Nf3 Nxc4 31. dxc4 Nb4 32. h4 d3 33. hxg5 hxg5 0-1


[Site "https://www.chess.com"]

[Event "Titled Tuesday Blitz June 27 Early 2023"]
[White "Sowul, Bartosz"]
[Black "Vakhlamov, Igor L."]
[WhiteFideId "1137590"]
[BlackFideId "24126748"]
[WhiteElo "2572"]
[BlackElo "2802"]
[Result "1-0"]
[Round "2"]
[TimeControl "180+2"]
[Date "2023.06.27"]
[WhiteClock "0:00:27"]
[BlackClock "0:00:00"]
[Board "69"]

1. e4 c5 2. Nc3 e6 3. Nf3 Nc6 4. Bb5 Nge7 5. d4 cxd4 6. Nxd4 a6 7. Be2 Nxd4 8. Qxd4 Nc6 9. Qd3 b5 10. O-O Bb7 11. Bf4 d6 12. Rfd1 Ne5 13. Qg3 Qc7 14. a3 Rd8 15. Be3 Ng6 16. h4 h5 17. Bg5 Be7 18. Bxe7 Qxe7 19. Rd3 Qxh4 20. Rxd6 Qxg3 21. Rxd8+ Kxd8 22. fxg3 h4 23. g4 Ne5 24. a4 b4 25. Na2 a5 26. c3 bxc3 27. Nxc3 Ke7 28. Rd1 Bc6 29. Kf2 Rb8 30. Rd2 Rb4 31. Bb5 Bxe4 32. g5 Ng4+ 33. Kg1 Bd5 34. Nxd5+ exd5 35. Rxd5 Rxb2 36. Rd7+ Ke6 37. Rd4 Rb1+ 38. Bf1 Ke5 39. Rxg4 Kf5 40. Rxh4 Kxg5 41. Rc4 f5 42. Kf2 Ra1 43. Be2 Ra2 44. Kf3 Ra3+ 45. Kf2 Ra2 46. Rd4 g6 47. Rc4 Kf6 48. g3 Kg5 49. Kf3 Ra3+ 50. Kf2 Ra2 51. Ke3 Kf6 52. Bf3 Kg5 53. Bd1 Ra3+ 54. Kf2 Ra2+ 55. Kg1 Kf6 56. Rc5 Ra1 57. Rd5 Ke6 58. Rd2 Ke5 59. Kf2 Ra3 60. Rb2 Kf6 61. Rb6+ Kg5 62. Rb5 Ra2+ 63. Ke3 Ra3+ 64. Bb3 Kg4 65. Kf2 Kh3 66. Rb6 Kh2 67. Rxg6 Kh3 68. Bd1 1-0


[Site "https://www.chess.com"]

[Event "Titled Tuesday Blitz June 27 Early 2023"]
[White "Avinash Ramesh"]
[Black "profedechess93"]
[WhiteFideId "45018340"]
[WhiteElo "2800"]
[BlackElo "2572"]
[Result "1-0"]
[Round "2"]
[TimeControl "180+2"]
[Date "2023.06.27"]
[WhiteClock "0:01:22"]
[BlackClock "0:00:01"]
[Board "70"]

1. d4 d5 2. c4 c6 3. Nf3 Nf6 4. g3 g6 5. Bg2 Bg7 6. O-O O-O 7. cxd5 cxd5 8. Ne5 Nc6 9. Bf4 Bf5 10. Nxc6 bxc6 11. Be5 Qb6 12. b3 Ne4 13. Bxg7 Kxg7 14. e3 a5 15. Bxe4 dxe4 16. Nc3 h5 17. f4 Rad8 18. Na4 Qc7 19. Rc1 Bh3 20. Rf2 Rd6 21. Rfc2 h4 22. Qe1 hxg3 23. Qxg3 Bf5 24. Rc5 e6 25. Nb2 Rh8 26. Nc4 Rh3 27. Qf2 Rd8 28. Ne5 Rdh8 29. Rxc6 Qd8 30. Rc7 Rxh2 31. Rxf7+ Kg8 32. Qxh2 Rxh2 33. Kxh2 Qh4+ 34. Kg1 Qg3+ 35. Kf1 Bh3+ 36. Ke2 Qg2+ 37. Ke1 Qg1+ 38. Kd2 Qf2+ 39. Kc3 Qxe3+ 40. Kb2 Qd2+ 41. Kb1 1-0


[Site "https://www.chess.com"]

[Event "Titled Tuesday Blitz June 27 Early 2023"]
[White "Srihari L R"]
[Black "Sreyas Payyappat"]
[WhiteFideId "46617116"]
[BlackFideId "46674969"]
[WhiteElo "2796"]
[BlackElo "2571"]
[Result "1-0"]
[Round "2"]
[TimeControl "180+2"]
[Date "2023.06.27"]
[WhiteClock "0:01:36"]
[BlackClock "0:00:00"]
[Board "71"]

1. Nf3 Nf6 2. c4 c5 3. b3 Nc6 4. Bb2 g6 5. g3 Bg7 6. Bg2 O-O 7. O-O e6 8. Nc3 d5 9. cxd5 exd5 10. d4 Ne4 11. e3 Bg4 12. Ne2 Qf6 13. Ne5 Bxe2 14. Qxe2 Nxe5 15. dxe5 Qe6 16. f3 Ng5 17. h4 Bxe5 18. Bxe5 Qxe5 19. f4 Qe6 20. hxg5 Rfe8 21. Rfe1 Rad8 22. Qc2 Qb6 23. Rad1 d4 24. exd4 cxd4 25. Rxe8+ Rxe8 26. Qf2 Rd8 27. Bf1 Qc5 28. Bd3 Re8 29. Re1 Re3 30. Rxe3 dxe3 31. Qe2 Qc1+ 32. Kh2 Kf8 33. Bc4 Ke7 34. Kg2 Kd6 35. Kf3 b5 36. Bxb5 Qh1+ 37. Kxe3 Qg1+ 38. Qf2 Qc1+ 39. Kf3 Qc3+ 40. Kg2 Qb4 41. Be2 Qe4+ 42. Bf3 Qb1 43. Qxa7 Qb2+ 44. Qf2 Qb1 45. Qd2+ Ke6 46. Bd5+ 1-0


[Site "https://www.chess.com"]

[Event "Titled Tuesday Blitz June 27 Early 2023"]
[White "Janaszak, Dawid"]
[Black "Gunina, Valentina"]
[WhiteFideId "1119206"]
[BlackFideId "4167570"]
[WhiteElo "2570"]
[BlackElo "2791"]
[Result "0-1"]
[Round "2"]
[TimeControl "180+2"]
[Date "2023.06.27"]
[WhiteClock "0:00:09"]
[BlackClock "0:00:18"]
[Board "72"]

1. Nf3 d5 2. g3 c6 3. Bg2 Bg4 4. O-O Nd7 5. d4 e6 6. Nbd2 Ngf6 7. Re1 Be7 8. e4 h6 9. c3 O-O 10. e5 Nh7 11. h3 Bh5 12. Qb3 Rb8 13. Nf1 c5 14. Be3 c4 15. Qa4 b5 16. Qc2 a5 17. a3 Bg6 18. Qd2 b4 19. axb4 axb4 20. N1h2 bxc3 21. bxc3 Rb3 22. Ra7 Nb8 23. Ng4 Nc6 24. Ra2 Nb4 25. Ra7 Nd3 26. Rea1 h5 27. Ngh2 Re8 28. Bf1 Qb8 29. Be2 Rb2 30. Qd1 Qb3 31. Bd2 f6 32. Qf1 fxe5 33. dxe5 Bc5 34. Ra8 Bxf2+ 35. Kg2 Nf8 36. R8a7 Bxa7 37. Rxa7 Be4 38. Kg1 Qb6+ 0-1


[Site "https://www.chess.com"]

[Event "Titled Tuesday Blitz June 27 Early 2023"]
[White "Ozates, Tuna"]
[Black "Harshavardhan G B"]
[WhiteFideId "6354521"]
[BlackFideId "25059009"]
[WhiteElo "2569"]
[BlackElo "2786"]
[Result "0-1"]
[Round "2"]
[TimeControl "180+2"]
[Date "2023.06.27"]
[WhiteClock "0:00:05"]
[BlackClock "0:00:30"]
[Board "73"]

1. e4 e6 2. d4 d5 3. exd5 exd5 4. Bd3 Bd6 5. Qf3 Ne7 6. Bf4 Nbc6 7. c3 O-O 8. Ne2 Re8 9. O-O Bf5 10. Bxd6 Qxd6 11. Ng3 Bxd3 12. Qxd3 Ng6 13. Na3 a6 14. Rfe1 h6 15. Nc2 Nce7 16. Ne3 Nf4 17. Qd2 Neg6 18. Nef5 Qf6 19. Rxe8+ Rxe8 20. Re1 Re6 21. Re3 Qg5 22. Rxe6 fxe6 23. Ne3 Nh4 24. Qd1 h5 25. h3 g6 26. Qa4 Qe7 27. Qc2 Kg7 28. Ne2 Qf7 29. Nxf4 Qxf4 30. Qe2 Qe4 31. f3 Qb1+ 32. Nf1 Qf5 33. Kf2 g5 34. Ng3 Qf7 35. Qe5+ Kh6 36. Qh8+ Qh7 37. Qf6+ Qg6 38. Qh8+ Qh7 39. Qxh7+ Kxh7 40. Nxh5 Kg6 41. Ng3 Kf6 42. Ke3 Nxg2+ 43. Kf2 Nf4 44. Ne2 e5 45. dxe5+ Kxe5 46. Nxf4 Kxf4 47. Kg2 c5 48. Kf2 d4 49. cxd4 cxd4 50. Ke2 Kg3 0-1


[Site "https://www.chess.com"]